 BcadrenCrawl: Boulder Brew version 0.03.2.1 (webtiles) character file.

Game seed: 3045052645157708445, levelgen mode: deterministic

21 Kalegnar the Gusty (level 2, 0/3 HPs) Fairy Air Elementalist. Began on Dec 26, 2020. Slain by a cinder newt (1 damage) ... on level 1 of the Dungeon. The game lasted 00:01:26 (219 turns).

Kalegnar the Gusty (Fairy Air Elementalist)          Turns: 219, Time: 00:01:27

Health: 0/3        AC:  0    Str:  2    XL:     2 ^: 11
Magic:  3/3        EV:  8    Int: 17    God:
Gold:   4          SH:  0    Dex: 17    Spells: 4/7 levels left

rFire    . . .     Vision   .   c - ring of stealth
rCold    . . .     Gourm    .
rNeg     . . .     Faith    .
rPois    .         Spirit   .
rElec    .         Reflect  .
rCorr    .         Harm     .
MR       .....
Stlth    +.........
HPRegen  0.11/turn
MPRegen  0.13/turn

@: flying, glowing, slow
A: tiny, no armour or weapons, only one jewelry slot, no melee attacks, fairy
magic, fairy shield, fairy light, decreased potion and divine healing, slowness
1, able to fly, insubstantial
a: Stop Flying


You were on level 1 of the Dungeon.
You were not hungry.

You visited 1 branch of the dungeon, and saw 1 of its levels.

You collected 4 gold pieces.

Inventory:

Jewellery
 c - a ring of stealth (around core)
Scrolls
 d - a scroll of amnesia
 e - a scroll of bless item
Potions
 a - a potion of agility
 f - a potion of berserk rage
Comestibles
 b - a ration


   Skills:
 + Level 3.1 Dodging
 - Level 1.4 Stealth
 * Level 3.0 Spellcasting
 * Level 3.4 Air Magic


You had 4 spell levels left.
You knew the following spells:

 Your Spells              Type           Power        Failure   Level  Hunger
a - Shock                 Air            14 (25)      4%          1    None
b - Swiftness             Chrm/Air       8 (100)      13%         2    ##.....

Your spell library contained the following spells:

 Spells                   Type           Power        Failure   Level  Hunger
 Static Discharge         Air            14 (100)     13%         3    ###....
 Airstrike                Air            14 (200)     38%         4    ####...
 Lightning Bolt           Air            14 (200)     75%         5    ######.


Dungeon Overview and Level Annotations

Branches:
Dungeon (1/8)

Altars:


Innate Abilities, Weirdness & Mutations

You are too small to use any gear.
You can wear a single ring or amulet completely around your body.
You are incapable of melee of any kind.
Your magic reserves are extremely low but spells that normally cost one mana are free and all other spells cost one mana.
You are extremely frail but all attacks that strike you do exactly one damage.
You exude a bright light in a small radius around yourself.
The effect of potions and godly healing effects is reduced to match your tiny health and magic reserves.
You cover ground slowly.
You can fly continuously.
Your insubstantial form boosts your evasion and grants immunity to sticky flames, nets and constriction.


Message History

Aiming: Shock (safe; 4% risk of failure)
Press: ? - help, Shift-Dir - straight line, f/p - cinder newt
Aim: a cinder newt (heavily wounded (6/10), haloed)
The zap misses the cinder newt.
The cinder newt bites you (1). The cinder newt burns you!
Casting: Shock (safe; 4% risk of failure)
Confirm with . or Enter, or press ? or * to list all spells.
Aiming: Shock (safe; 4% risk of failure)
Press: ? - help, Shift-Dir - straight line, f/p - cinder newt
Aim: a cinder newt (heavily wounded (6/10), haloed)
The zap hits the cinder newt (3).
The cinder newt is severely wounded. (3/10) HP The cinder newt barely misses you (0).
Casting: Shock (safe; 4% risk of failure)
Confirm with . or Enter, or press ? or * to list all spells.
Aiming: Shock (safe; 4% risk of failure)
Press: ? - help, Shift-Dir - straight line, f/p - cinder newt
Aim: a cinder newt (severely wounded (3/10), haloed)
The zap misses the cinder newt.
The cinder newt bites you (1).
You die...

# #. .# #. #. .#
#. .##.#.###...
)......#.#
........#
#.......## #
..####.l.......
#.
.......@.....#
....#####.)....#
#.##..........#
#..........##.#
####.#####.# #
##...####.#
#........†.
#....#....##
###.#.#...###


You could see a cinder newt.

Vanquished Creatures
  2 cinder newts (D:1)
  A goblin (D:1)
  A bat (D:1)
  3 kobolds (D:1)
  4 rats (D:1)
11 creatures vanquished.

Notes
Turn   | Place    | Note
-------+----------+-------------------------------------------
     0 | D:1      | Kalegnar the Fairy Air Elementalist began the quest for the
                  | Orb.
     0 | D:1      | Reached XP level 1. HP: 3/3 MP: 3/3
    33 | D:1      | Reached XP level 2. HP: 3/3 MP: 3/3
    37 | D:1      | Learned a level 2 spell: Swiftness
   219 | D:1      | Slain by a cinder newt

Levels and vault maps discovered:
D:1:      dpeg_arrival_tiny_i, layout_loops_ring, grunt_decor_clamped

Skill      XL: |  1  2 |
---------------+-------+-----
Dodging        | 3 |  3.1
Spellcasting   | 3 |  3.0
Stealth        | |  1.4
Air Magic      | |  3.4

Action                   || total
-------------------------++-------
 Cast: Shock             ||    25
 Abil: Fly               ||     1
Dodge: Dodged            ||     5
